Map: Rifts to Korhal

Players

wasp

  • Race: Protoss Protoss
  • Spawn Location: 7:00

NamroodTuo

  • Race: Terran Terran

VOD

Have the link to the VOD?

Description

Time

  • Played on: May 31, 2023, 8:19 a.m.
  • Length: 25:28
Show
View Real Time Build Order
Export as new Build Order

wasp Protoss 

Build Orders:  

Get SALT Encoding   

  12  0:20  Pylon  
  12  0:35  Pylon  
  12  0:57  Probe (Chrono Boost)  
  8  1:10  Probe (Chrono Boost)  
  14  1:22  Probe (Chrono Boost)  
  14  1:27  Gateway  
  15  1:34  Probe (Chrono Boost)  
  16  1:46  Probe (Chrono Boost)  
  16  1:48  Gateway  
  17  2:39  Forge  
  17  2:50  Cybernetics Core  
  17  2:57  Pylon  
  17  3:01  Pylon  
  17  3:06  Sentinel  
  17  3:08  Sentinel  
  17  3:09  Pylon  
  17  3:15  Pylon  
  21  4:08  Probe (Chrono Boost)  
  21  4:12  Assimilator  
  21  4:19  Assimilator  
  22  4:20  Probe (Chrono Boost)  
  23  4:31  Sentinel x2  
  23  4:32  Probe (Chrono Boost)  
  28  4:45  Probe (Chrono Boost)  
  29  4:57  Probe (Chrono Boost)  
  30  5:04  Sentinel x2  
  34  5:37  Sentinel x2  
  38  6:10  Sentinel x2  
  42  6:36  Probe (Chrono Boost)  
  43  6:47  Solar Efficiency Level 1  
  43  6:48  Probe (Chrono Boost)  
  44  7:00  Probe (Chrono Boost)  
  45  7:12  Probe (Chrono Boost)  
  46  7:24  Probe (Chrono Boost)  
  47  8:07  Sentinel x2  
  51  8:40  Sentinel x2  
  51  8:42  Pylon  
  51  8:45  Pylon  
  55  8:50  Pylon  
  55  8:54  Pylon  
  55  8:58  Pylon  
  55  9:13  Sentinel x2  
  55  9:18  Nexus  
  59  9:24  Assimilator  
  59  9:32  Assimilator  
  59  9:46  Sentinel x2  
  59  9:52  Khaydarin Monolith  
  63  10:19  Sentinel x2  
  63  10:20  Khaydarin Monolith  
  67  10:39  Photon Cannon  
  67  10:46  Photon Cannon  
  67  10:49  Photon Cannon  
  67  10:57  Probe (Chrono Boost)  
  67  11:00  Probe (Chrono Boost)  
  67  11:03  Probe (Chrono Boost)  
  67  11:05  Probe (Chrono Boost)  
  67  11:07  Probe (Chrono Boost)  
  68  11:10  Probe (Chrono Boost)  
  68  11:12  Probe (Chrono Boost)  
  68  11:14  Probe (Chrono Boost)  
  68  11:17  Probe (Chrono Boost)  
  72  11:25  Probe (Chrono Boost)  
  76  11:37  Probe (Chrono Boost)  
  78  11:49  Probe (Chrono Boost)  
  79  12:01  Probe (Chrono Boost)  
  79  12:04  Khaydarin Monolith  
  80  12:13  Probe (Chrono Boost)  
  81  12:25  Probe (Chrono Boost)  
  81  12:28  Robotics Facility  
  81  12:29  Robotics Facility  
  82  12:31  Robotics Facility  
  82  12:45  Robotics Facility  
  82  13:20  Stargate  
  82  13:36  Shield Battery  
  82  13:45  Sentinel x2  
  86  14:16  Pylon  
  86  14:18  Pylon x2, Sentinel x2  
  86  14:19  Pylon  
  86  14:21  Pylon x2  
  86  14:23  Pylon  
  86  14:24  Pylon  
  90  14:51  Sentinel x2  
  94  15:00  Immortal x2  
  94  15:08  Sentinel  
  94  15:09  Sentinel  
  94  15:15  Sentinel x2  
  94  15:16  Observer x2  
  94  15:17  Mirage  
  94  15:19  Immortal x2  
  94  15:22  Sentinel  
  94  15:25  Sentinel  
  106  16:06  Immortal  
  110  16:37  Immortal  
  114  16:53  Sentinel x2  
  114  16:54  Immortal  
  122  17:12  Pylon  
  122  17:13  Pylon  
  122  17:15  Pylon  
  122  17:20  Pylon  
  122  17:24  Immortal  
  122  17:26  Sentinel  
  124  19:07  Sentinel x2  
  124  19:09  Immortal x2  
  124  19:15  Mirage  
  119  19:40  Sentinel x2  
  136  19:45  Mirage  
  136  19:57  Immortal  
  128  20:13  Sentinel x2  
  66  21:16  Mirage  
  62  21:34  Probe (Chrono Boost)  
  57  21:44  Immortal  
  57  21:46  Probe (Chrono Boost), Mirage  
  56  21:56  Immortal  
  56  21:57  Immortal  
  56  21:58  Probe (Chrono Boost)  
  58  22:00  Sentinel x2  
  58  22:02  Mirage  
  58  22:06  Sentinel x2  
  58  22:08  Mirage  
  59  22:10  Probe (Chrono Boost)  
  59  22:13  Sentinel x2  
  59  22:19  Probe (Chrono Boost)  
  71  22:37  Sentinel x2  
  93  23:10  Sentinel x2  
  97  24:43  Probe (Chrono Boost)  
  98  24:55  Probe (Chrono Boost)  
  99  25:19  Stargate  
Show
View Real Time Build Order
Export as new Build Order

NamroodTuo Terran 

Build Orders:  

Get SALT Encoding   

  12  0:13  SCV  
  13  0:25  Refinery  
  13  0:28  SCV  
  14  0:43  SCV  
  14  0:47  Engineering Bay  
  15  0:58  SCV  
  16  1:13  SCV  
  16  1:16  Refinery  
  17  1:40  Gunslingers Hideout  
  17  2:08  Outlaw Weapons Level 1  
  17  2:12  SCV  
  18  2:29  SCV  
  19  2:45  SCV  
  20  3:01  Tychus  
  20  3:04  Auto-Turret  
  20  3:10  SCV  
  21  3:27  Auto-Turret  
  21  3:30  SCV  
  21  3:33  Auto-Turret  
  22  3:51  SCV  
  22  3:52  Outlaw Life and Armor Level 1  
  23  4:00  Auto-Turret  
  23  4:05  Auto-Turret  
  23  4:09  SCV  
  24  4:26  SCV  
  25  5:01  Auto-Turret  
  25  5:19  SCV  
  25  5:28  Auto-Turret  
  26  5:33  Crooked Sam  
  36  6:29  Command Center  
  36  6:35  SCV  
  36  6:36  Auto-Turret  
  37  6:50  SCV  
  38  7:04  SCV  
  39  7:19  SCV  
  39  7:23  Outlaw Weapons Level 2  
  40  7:34  SCV  
  41  7:49  SCV  
  42  8:03  SCV  
  43  8:18  SCV  
  43  8:22  Auto-Turret  
  44  8:33  SCV  
  45  8:45  SCV  
  45  8:48  SCV  
  45  8:49  Refinery  
  46  8:50  Auto-Turret  
  47  9:00  SCV  
  47  9:02  SCV  
  49  9:15  SCV  
  49  9:17  SCV  
  51  9:24  Auto-Turret  
  51  9:29  SCV  
  51  9:32  SCV, ITC-E Triggers  
  53  9:44  SCV  
  54  9:59  SCV  
  55  10:11  Auto-Turret  
  55  10:14  SCV  
  56  10:28  SCV  
  56  10:35  Auto-Turret  
  56  10:38  Auto-Turret  
  57  10:58  SCV  
  57  11:01  SCV  
  57  11:03  Auto-Turret  
  57  11:04  SCV  
  57  11:06  Auto-Turret  
  57  11:07  SCV  
  57  11:08  Refinery  
  68  11:10  SCV  
  60  11:26  James Sirius Sykes  
  72  11:31  Auto-Turret  
  72  11:33  Auto-Turret  
  72  11:57  Auto-Turret  
  72  12:22  Endurance Supplements  
  72  12:24  Auto-Turret  
  72  13:03  Muscle Armory  
  72  13:07  Kel-Morian Ripper Rounds  
  72  13:13  Procyon Shade Suit  
  72  13:30  Outlaw Weapons Level 3  
  72  13:40  Flashforce GDM Visor  
  72  13:45  Medivac Platform  
  72  15:35  Fixers Safehouse  
  72  15:51  Outlaw Life and Armor Level 2  
  72  17:02  Nux  
  82  17:27  Rob Cannonball Boswell  
  92  17:39  D99 Detonator  
  92  17:45  Ultrasonic Boosters  
  92  17:46  T4 Cloudburst Shells, Crystalline Amplifiers  
  92  20:01  Outlaw Life and Armor Level 3  
  92  20:55  X-71 Impact Boots, Redline Power Cells  
  92  20:56  Critical Response System  
  92  20:59  Vanadium Shell  
  92  21:00  Moebius Restraint Matrix, Moebius M34 Terror Rounds  
Tags
 
Commander
KaraxTychus
Matchup
Co-op
Replay Pack
Multiplayer
Add a new tag
Caveats
  • Supply blocks, unpowered buildings, or Contaminate may cause inaccurate times.
  • Supply counts are checked every 10 seconds.